 Dungeon Crawl Stone Soup version 0.20.1-1-g8b1a95d (webtiles) character file.

63 Gremour the Conjurer (level 3, -14/28 HPs)
             Began as a Draconian Conjurer on Sept 26, 2017.
             Demolished by Sigmund
             ... wielding a +2 scythe of protection
              (17 damage)
             ... on level 2 of the Dungeon.
             The game lasted 00:06:50 (1151 turns).

Gremour the Conjurer (Draconian Conjurer)           Turns: 1151, Time: 00:06:51

Health: -14/28     AC:  5    Str: 15    XL:     3   Next: 89%
Magic:  6/6        EV: 12    Int: 15    God:
Gold:   80         SH:  0    Dex: 12    Spells: 5/6 levels left

rFire    . . .     SeeInvis .   a - +8 club
rCold    + . .     Gourm    .   (no shield)
rNeg     . . .     Faith    .   (armour unavailable)
rPois    .         Spirit   .   (helmet restricted)
rElec    .         Reflect  .   (no cloak)
rCorr    .         Harm     .   (no gloves)
MR       .....                  (no boots)
Stlth    ++........             (no amulet)
Regen    0.1/turn               j - ring of protection from cold
MPRegen  0.1/turn               (no ring)

@: mighty
A: unfitting armour, cold-blooded, AC +5
a: no special abilities


You were on level 2 of the Dungeon.
You were not hungry.

You visited 1 branch of the dungeon, and saw 2 of its levels.

You collected 80 gold pieces.

Inventory:

Hand Weapons
 a - a +8 club (weapon)
 e - a +0 short sword
Jewellery
 j - a ring of protection from cold (left hand)
Scrolls
 c - a scroll of enchant armour {unknown}
 i - 3 scrolls of enchant weapon {unknown}
 l - 3 scrolls of identify {unknown}
 n - 2 scrolls of teleportation {unknown}
Potions
 h - a potion of brilliance {unknown}
 p - a potion of heal wounds {unknown}
Books
 o - a book of Conjurations

   Spells                             Type                      Level
   a - Magic Dart                     Conjuration                  1
   b - Searing Ray                    Conjuration                  2
   c - Dazzling Spray                 Conjuration/Hexes            3
   d - Fulminant Prism                Conjuration/Hexes            4
   e - Force Lance                    Conjuration/Translocation    4
   f - Iskenderun's Mystic Blast      Conjuration                  4
Comestibles
 b - 2 bread rations
 d - 2 royal jellies
 f - 4 meat rations
 k - a fruit


   Skills:
 * Level 1.5 Fighting
 * Level 2.2 Dodging
 + Level 2.2 Stealth
 * Level 0.8 Unarmed Combat
 + Level 2.1 Spellcasting
 + Level 4.4 Conjurations


You had 5 spell levels left.
You knew the following spells:

 Your Spells              Type           Power        Failure   Level  Hunger
z - Magic Dart            Conj           ###.         3%          1    #......


Dungeon Overview and Level Annotations

Branches:
Dungeon (2/15)

Altars:

Annotations:
D:2 Sigmund


Innate Abilities, Weirdness & Mutations

Your plain brown scales are hard. (AC +5)
You cannot fit into any form of body armour.
You are cold-blooded and may be slowed by cold attacks.


Message History

Press: ? - help, Shift-Dir - straight line, f/p - Sigmund
Aim: Sigmund, wielding a scythe of protection and wearing a robe (lightly wounded, unusually strong)
The magic dart hits Sigmund.
Sigmund is lightly wounded.
Sigmund casts a spell at you.
You are confused.
You're too confused to cast spells.
You're too confused to cast spells.
Unknown command.
Sigmund hits you with a scythe of protection!
Ouch! That really hurt!
You feel very mighty all of a sudden. Sigmund hits you but does no damage.
Sigmund hits you from afar with a scythe of protection!
* * * LOW HITPOINT WARNING * * *
It was a potion of magic.
Magic courses through your body.
You feel less confused.
Sigmund hits you from afar with a scythe of protection!
Ouch! That really hurt!
You die...

# #. #.####+#+##
#.........# #.........#
#.........#
.##.........#
.......@....#
.........@..#
............#
............#
###.........# #.#
########.#### ..#
######'...## ###
#..........#
############...###....#
...........'...# #....#


You could see Sigmund.

Vanquished Creatures
  Jessica (D:2)
  An adder (D:2)
  A dart slug (D:1)
  3 bats
  A giant cockroach (D:1)
  4 goblins
  3 hobgoblins
  4 jackals (D:1)
  3 kobolds
  2 frilled lizards
  A rat (D:1)
24 creatures vanquished.

Notes
Turn   | Place    | Note
-------+----------+-------------------------------------------
     0 | D:1      | Gremour the Draconian Conjurer began the quest for the Orb.
     0 | D:1      | Reached XP level 1. HP: 14/14 MP: 3/3
   243 | D:1      | Reached XP level 2. HP: 15/22 MP: 1/5
   726 | D:1      | Reached skill level 1 in Fighting
   872 | D:2      | Noticed Jessica
   878 | D:2      | Killed Jessica
   878 | D:2      | Reached XP level 3. HP: 28/28 MP: 1/6
  1140 | D:2      | Noticed Sigmund
  1151 | D:2      | Demolished by Sigmund

Skill      XL: |  1  2 |
---------------+-------+-----
Stealth        | 2 |  2.2
Dodging        | 2 |  2.2
Fighting       | 1 |  1.5
Unarmed Combat | |  0.8
Spellcasting   | |  2.1
Conjurations   | |  4.4

Action                   || total
-------------------------++-------
Melee: Unarmed           ||    22
       Short sword       ||    37
       Tailslap          ||    10
       Club              ||     7
 Cast: Magic Dart        ||    26
  Use: Potion            ||     2
 Stab: Sleeping          ||     3
  Eat: Chunk             ||     1
Armor: Skin              ||    31
Dodge: Dodged            ||    49
